 Dungeon Crawl Stone Soup version 0.27-a0-972-gd1521fd518 (webtiles) character file.

Game seed: 13272969706303218387

113 Morbidden the Ruffian (level 4, -4/35 HPs)
             Began as a Draconian Transmuter on Apr 13, 2021.
             Succumbed to a scorpion's poison
             ... on level 4 of the Dungeon.
             The game lasted 00:05:22 (2865 turns).

Morbidden the Ruffian (Draconian Transmuter)        Turns: 2865, Time: 00:05:22

Health: -4/35      AC:  9    Str: 13    XL:     4   Next: 65%
Magic:  7/7        EV: 12    Int: 13    God:
Gold:   111        SH:  0    Dex: 12    Spells: 6/8 levels left

rFire    . . .     SeeInvis .     - Unarmed
rCold    . . .     Faith    .   (no shield)
rNeg     . . .     Spirit   .   (armour unavailable)
rPois    .         Reflect  .   (helmet currently unavailable)
rElec    .         Harm     .   (no cloak)
rCorr    .         Rampage  .   (no gloves)
Will     .....                  (boots currently unavailable)
Stlth    +.........             (no amulet)
HPRegen  0.11/turn              f - +4 ring of protection
MPRegen  0.10/turn              (no ring)

@: lethally poisoned (-4 -> -33), appendages
A: horns 2, talons 2, AC +5, unfitting armour, cold-blooded
a: End Transformation


You were on level 4 of the Dungeon.
You had temporarily grown beastly horns and talons.
You visited 1 branch of the dungeon, and saw 4 of its levels.

You collected 111 gold pieces.

Inventory:

Hand Weapons
 b - a +1 hunting sling
Missiles
 d - 37 stones
 g - 25 sling bullets
Armour
 h - a +0 pair of boots (melded)
Magical Staves
 j - a staff of conjuration
Jewellery
 f - a +4 ring of protection (left hand)
Scrolls
 c - a scroll of brand weapon {unknown}
 i - 4 scrolls of identify {unknown}
Potions
 e - a potion of attraction
 k - a potion of degeneration {unknown}


   Skills:
 * Level 1.4 Fighting
 + Level 1.4 Slings
 + Level 2.1 Dodging
 + Level 0.3 Stealth
 * Level 4.0 Unarmed Combat
 * Level 2.5 Spellcasting
 * Level 0.1 Conjurations
 * Level 2.5 Transmutations


You had 6 spell levels left.
You knew the following spells:

 Your Spells              Type           Power      Damage    Failure   Level
a - Beastly Appendage     Tmut           16%        N/A       9%          1
b - Magic Dart            Conj           4%         1d3       22%         1

Your spell library contained the following spells:

 Spells                   Type           Power      Damage    Failure   Level
 Wereblood                Tmut           8%         N/A       13%         2
 Searing Ray              Conj           2%         3d3       34%         2
 Blink                    Tloc           N/A        N/A       36%         2
 Call Imp                 Summ           1%         N/A       36%         2
 Slow                     Hex            1%         N/A       36%         2
 Spider Form              Tmut/Pois      2%         N/A       41%         3
 Conjure Flame            Conj/Fire      1%         6-21      56%         3
 Dazzling Flash           Conj/Hex       2%         N/A       56%         3
 Mephitic Cloud           Conj/Pois/Air  1%         N/A       56%         3
 Ice Form                 Ice/Tmut       4%         N/A       82%         4
 Fulminant Prism          Conj/Hex       0%         3d6       93%         4
 Iskenderun's Mystic Bla  Conj/Tloc      1%         2d3       93%         4
 Hydra Form               Tmut           4%         N/A       93%         5


Dungeon Overview and Level Annotations

Branches:
Dungeon (4/15)
 Temple: D:4-7

Altars:


Innate Abilities, Weirdness & Mutations

You have temporarily grown beastly horns and talons.
Your plain brown scales are hard. (AC +5)
You cannot fit into any form of body armour.
You are cold-blooded and may be slowed by cold attacks.


Message History

You claw the scorpion, but do no damage.
The scorpion is moderately wounded.
You feel sick. The hobgoblin hits you. The scorpion stings you.
You are more poisoned.
The scorpion poisons you!
You closely miss the scorpion. Your kick misses the scorpion.
The scorpion is moderately wounded.
You feel very sick.
The hobgoblin hits you but does no damage.
The scorpion barely misses you.
You hit the scorpion.
You headbutt the scorpion, but do no damage.
Your tail-slap misses the scorpion.
The scorpion is severely wounded.
You feel very sick. The hobgoblin misses you. The scorpion closely misses you.
Unknown command.
You barely miss the scorpion. Your kick misses the scorpion.
The scorpion is severely wounded.
You feel very sick. The hobgoblin barely misses you. The scorpion stings you.
* * * LOW HITPOINT WARNING * * *
You are more poisoned.
The scorpion poisons you!
You barely miss the scorpion.
You claw the scorpion, but do no damage.
You headbutt the scorpion.
Your tail-slap misses the scorpion.
You punch the scorpion, but do no damage.
The scorpion is severely wounded.
* * * LOW HITPOINT WARNING * * *
You feel very sick. The scorpion stings you.
* * * LOW HITPOINT WARNING * * *
You are more poisoned.
The scorpion poisons you! The hobgoblin hits you.
* * * LOW HITPOINT WARNING * * *
Unknown command.
Unknown command.
It was a potion of magic.
Magic courses through your body.
You die...

# ###. # #....
##.##
......##....#
(....(s@g...#
.......(....#
..............#
........#.##...
...##.[.... ..
.. ##.....# # #
#..# .# ##.. ..


You could see a scorpion and a hobgoblin.

Vanquished Creatures
  An orc priest (D:3)
  2 gnolls
  An adder (D:3)
  An ufetubus (D:3)
  A worm (D:2)
  7 orcs (D:3)
  A ball python (D:1)
  4 endoplasms
  4 giant cockroaches
  2 goblins (D:2)
  4 jackals (D:3)
  4 quokkas
  2 bats
  3 frilled lizards (D:1)
  A kobold (D:2)
  A rat (D:2)
39 creatures vanquished.

Notes
Turn   | Place    | Note
-------+----------+-------------------------------------------
     0 | D:1      | Morbidden the Draconian Transmuter began the quest for the
                  | Orb.
     0 | D:1      | Reached XP level 1. HP: 16/16 MP: 3/3
    83 | D:1      | Found a faded altar of an unknown god.
   355 | D:1      | Reached XP level 2. HP: 23/23 MP: 5/5
   642 | D:2      | Noticed an ogre
   707 | D:2      | Noticed a black bear
   923 | D:2      | Reached XP level 3. HP: 22/28 MP: 6/6
  1787 | D:3      | Reached skill level 1 in Slings
  1787 | D:3      | Reached XP level 4. HP: 35/35 MP: 7/7
  2090 | D:3      | Learned a level 1 spell: Magic Dart
  2374 | D:3      | Reached skill level 4 in Unarmed Combat
  2851 | D:4      | Noticed a scorpion
  2865 | D:4      | Succumbed to a scorpion's poison

Illustrated notes

Levels and vault maps discovered:
D:1:      co_arrival_square_in_a_square_in_a_square, layout_loops_ring,
          hellmonk_ecumenical_altar_pennies_from_heaven
D:2:      minmay_wonky_spiral, layout_basic, cheibrodos_gnoll_hut, uniq_sigmund
D:3:      layout_rooms
D:4:      layout_cave_pools, grunt_qazlal_clouds,
          chequers_serial_rivers_micro_a, hangedman_minor_gate_pass

Skill      XL: |  1  2  3  4 |
---------------+-------------+-----
Dodging        | 2 |  2.1
Slings         | 1 |  1.4
Unarmed Combat | 4 |  4.0
Fighting       | |  1.4
Stealth        | |  0.3
Spellcasting   | |  2.5
Conjurations   | |  0.1
Transmutations | |  2.5

Action                   |  1- 3 |  4- 6 || total
-------------------------+-------+-------++-------
Melee: Unarmed           |    63 |    10 ||    73
       Tailslap          |     5 |       ||     5
       Kick              |     5 |     2 ||     7
       Headbutt          |     3 |     2 ||     5
       Punch             |       |     1 ||     1
 Fire: Hunting sling     |    26 |    72 ||    98
 Cast: Beastly Appendage |     4 |     1 ||     5
  Use: Potion            |     3 |     1 ||     4
       Scroll            |     1 |       ||     1
 Stab: Sleeping          |     2 |       ||     2
Armor: Skin              |    26 |    12 ||    38
Dodge: Dodged            |    43 |    41 ||    84

Table legend: (Time is in decaauts)
 A = Elapsed time spent in this place.
 B = Non-inter-level travel time spent in this place.
 C = Inter-level travel time spent in this place.
 D = Time resting spent in this place.
 E = Time spent auto-exploring this place.
 F = Levels seen in this place.
 G = Mean time per level.
                   A        B        C        D        E       F      G
               +--------+--------+--------+--------+--------+-----+--------+
         Total |   2878 |   2643 |    235 |    593 |   1552 |   4 |  719.5 |
       Dungeon |   2878 |   2643 |    235 |    593 |   1552 |   4 |  719.5 |
               +--------+--------+--------+--------+--------+-----+--------+

Top non-repeatable levels by time:
     D:3: 1459 daAuts
     D:1: 797 daAuts
     D:2: 607 daAuts
     D:4: 14 daAuts
